ITL
INDIANA HOUNDS @ DETROIT X-WINGS
04/09/2028
 
TOP OF THE 1ST
Indiana Hounds batting - Pitching for Detroit X-Wings : RHP Jorge Madrigal
Pitching: RHP Jorge Madrigal
Batting: RHB Javier Martínez 0-0: Ground out 5-3 (Groundball, 56)
Batting: RHB Danny Walker 0-0: Fly out, F1 (Line Drive, 15)
Batting: RHB Jeff Jones 0-0: Called Strike
0-1: Ball
1-1: SINGLE (Groundball, 56D)
Batting: LHB Denny Poole 0-0: Foul Ball, location: 2F
0-1: Called Strike
0-2: Foul Ball, location: 2F
0-2: Ball
1-2: Foul Ball, location: 2F
1-2: Foul Ball, location: 2F
1-2: Foul Ball, location: 2F
1-2: Ball
2-2: SINGLE (Groundball, 34D)
Jeff Jones to second
Runner from 2nd tries for 3rd, SAFE, throw made to third
Batting: RHB Octávio Marín 0-0: Called Strike
0-1: Ball
1-1: Ball
2-1: DOUBLE (Line Drive, 78D)
Jeff Jones scores
Denny Poole to third
Runner from 3rd tries for Home, throw and OUT!
Top of the 1st over - 1 run(s), 3 hit(s), 0 error(s), 1 left on base; Indiana 1 - Detroit 0
BOTTOM OF THE 1ST
Detroit X-Wings batting - Pitching for Indiana Hounds : RHP Alex Stanford
Pitching: RHP Alex Stanford
Batting: RHB Júlio López 0-0: Ball
1-0: Ball
2-0: Foul Ball, location: 2F
2-1: Ball
3-1: Foul Ball, location: 2F
3-2: Foul Ball, location: 2F
3-2: Foul Ball, location: 2F
3-2: Ground out 6-3 (Groundball, 6)
Batting: RHB Jaime Contreras 0-0: SINGLE (Line Drive, 7S)
Batting: LHB Juan Colón 0-0: Ball
1-0: Called Strike
1-1: Called Strike
1-2: Foul Ball, location: 2F
1-2: Foul Ball, location: 2F
1-2: Ball
2-2: 2-RUN HOME RUN (Flyball, 9D), Distance : 393 ft
Batting: LHB Juan Jose Pineda 0-0: Called Strike
0-1: Ball
1-1: Ball
2-1: Foul Ball, location: 2F
2-2: Ball
3-2: Foul Ball, location: 2F
3-2: Strikes out swinging
Batting: SHB Javier Jiménez 0-0: Foul Ball, location: 2F
0-1: Foul Ball, location: 2F
0-2: Ball
1-2: Ball
2-2: Strikes out swinging
Bottom of the 1st over - 2 run(s), 2 hit(s), 0 error(s), 0 left on base; Indiana 1 - Detroit 2
TOP OF THE 2ND
Indiana Hounds batting - Pitching for Detroit X-Wings : RHP Jorge Madrigal
Batting: LHB Dave Watson 0-0: Called Strike
0-1: Ground out 4-3 (Groundball, 4M)
Batting: LHB Pete Carter 0-0: Ground out U3 (Groundball, 34)
Batting: RHB Doug Murray 0-0: Foul Ball, location: 2F
0-1: Ball
1-1: Fly out, F7 (Flyball, 78S)
Top of the 2nd over - 0 run(s), 0 hit(s), 0 error(s), 0 left on base; Indiana 1 - Detroit 2
BOTTOM OF THE 2ND
Detroit X-Wings batting - Pitching for Indiana Hounds : RHP Alex Stanford
Batting: RHB Gary Witt 0-0: Called Strike
0-1: Ball
1-1: Swinging Strike
1-2: Strikes out swinging
Batting: SHB Felipe Detorres 0-0: Called Strike
0-1: Fly out, F8 (Flyball, 8LS)
Batting: RHB Oliver Acevedo 0-0: Fly out, F9 (Line Drive, 9)
Bottom of the 2nd over - 0 run(s), 0 hit(s), 0 error(s), 0 left on base; Indiana 1 - Detroit 2
TOP OF THE 3RD
Indiana Hounds batting - Pitching for Detroit X-Wings : RHP Jorge Madrigal
Batting: LHB Tim Bruce 0-0: Ground out 5-3 (Groundball, 5)
Batting: RHB Javier Martínez 0-0: Ball
1-0: Called Strike
1-1: Ball
2-1: Foul Ball, location: 2F
2-2: Ground out 6-3 (Groundball, 6)
Batting: RHB Danny Walker 0-0: Ball
1-0: Called Strike
1-1: Foul Ball, location: 2F
1-2: SINGLE (Groundball, 6) (infield hit)
Batting: RHB Jeff Jones 0-0: Foul Ball, location: 2F
0-1: Ball
1-1: Ball
2-1: Ball
3-1: Base on Balls
Danny Walker to second
Batting: LHB Denny Poole 0-0: Called Strike
0-1: Ball
1-1: Ball
2-1: Swinging Strike
2-2: Ball
3-2: Strikes out swinging, 2-3 out at first.
Top of the 3rd over - 0 run(s), 1 hit(s), 0 error(s), 2 left on base; Indiana 1 - Detroit 2
BOTTOM OF THE 3RD
Detroit X-Wings batting - Pitching for Indiana Hounds : RHP Alex Stanford
Batting: RHB Vincente Encarnación 0-0: Foul Ball, location: 2F
0-1: Ball
1-1: Ball
2-1: Swinging Strike
2-2: SOLO HOME RUN (Flyball, 78XD), Distance : 394 ft
Batting: RHB Júlio López 0-0: Bunted foul
0-1: Ball
1-1: Ball
2-1: Swinging Strike
2-2: Strikes out looking
Batting: RHB Jaime Contreras 0-0: Called Strike
0-1: Ground out 6-3 (Groundball, 6)
Batting: LHB Juan Colón 0-0: Called Strike
0-1: Foul Ball, location: 2F
0-2: Ball
1-2: Strikes out swinging
Bottom of the 3rd over - 1 run(s), 1 hit(s), 0 error(s), 0 left on base; Indiana 1 - Detroit 3
TOP OF THE 4TH
Indiana Hounds batting - Pitching for Detroit X-Wings : RHP Jorge Madrigal
Batting: RHB Octávio Marín 0-0: DOUBLE (Line Drive, 7LM)
Batting: LHB Dave Watson 0-0: Called Strike
0-1: Ball
1-1: Foul Ball, location: 2F
1-2: Foul Ball, location: 2F
1-2: Foul Ball, location: 2F
1-2: Foul Ball, location: 2F
1-2: Strikes out swinging
Batting: LHB Pete Carter 0-0: Ball
1-0: Called Strike
1-1: Foul Ball, location: 2F
1-2: Foul Ball, location: 2F
1-2: SINGLE (Groundball, 56D)
Octávio Marín to third
Runner from 3rd tries for Home, SAFE, no throw
Batting: RHB Doug Murray 0-0: Ball
1-0: Called Strike
1-1: SINGLE (Groundball, 34D)
Pete Carter to second
Runner from 2nd tries for 3rd, SAFE, no throw
Batting: LHB Tim Bruce 0-0: Ball
Doug Murray steals 2nd base
1-0: Ground out 4-3 (Groundball, 34)
Pete Carter scores
Doug Murray to third
Batting: RHB Javier Martínez 0-0: Ball
1-0: Fly out, F9 (Flyball, 9LS)
Top of the 4th over - 2 run(s), 3 hit(s), 0 error(s), 1 left on base; Indiana 3 - Detroit 3
BOTTOM OF THE 4TH
Detroit X-Wings batting - Pitching for Indiana Hounds : RHP Alex Stanford
Batting: LHB Juan Jose Pineda 0-0: Ball
1-0: Called Strike
1-1: SINGLE (Groundball, 34D)
Batting: SHB Javier Jiménez 0-0: Fly out, F9 (Flyball, 9)
Batting: RHB Gary Witt 0-0: Called Strike
0-1: Swinging Strike
0-2: Ball
1-2: Strikes out swinging
Batting: SHB Felipe Detorres 0-0: Ball
Juan Jose Pineda steals 2nd base
1-0: SINGLE (Line Drive, 78M)
Juan Jose Pineda to third
Batting: RHB Oliver Acevedo 0-0: Ball
1-0: Ball
2-0: Fly out, F3 (Line Drive, 34)
Bottom of the 4th over - 0 run(s), 2 hit(s), 0 error(s), 2 left on base; Indiana 3 - Detroit 3
TOP OF THE 5TH
Indiana Hounds batting - Pitching for Detroit X-Wings : RHP Jorge Madrigal
Batting: RHB Danny Walker 0-0: Foul Ball, location: 2F
0-1: Ball
1-1: Ball
2-1: Ball
3-1: Foul Ball, location: 2F
3-2: Foul Ball, location: 2F
3-2: Base on Balls
Batting: RHB Jeff Jones 0-0: Swinging Strike
0-1: Ball
1-1: Fly out, F8 (Flyball, 8RS)
Batting: LHB Denny Poole 0-0: Ball
1-0: Ground out 5-3 (Groundball, 56S)
Danny Walker to second
Batting: RHB Octávio Marín 0-0: Ball
1-0: Ball
2-0: Ball
3-0: Called Strike
3-1: Base on Balls
Batting: LHB Dave Watson 0-0: Ground out 5-3 (Groundball, 56S)
Top of the 5th over - 0 run(s), 0 hit(s), 0 error(s), 2 left on base; Indiana 3 - Detroit 3
BOTTOM OF THE 5TH
Detroit X-Wings batting - Pitching for Indiana Hounds : RHP Alex Stanford
Batting: RHB Vincente Encarnación 0-0: Ball
1-0: Ball
2-0: Ground out 6-3 (Groundball, 6M)
Batting: RHB Júlio López 0-0: Ball
1-0: Ground out 4-3 (Groundball, 4S)
Batting: RHB Jaime Contreras 0-0: Swinging Strike
0-1: Ball
1-1: Foul Ball, location: 2F
1-2: Ball
2-2: Ball
3-2: Fly out, F7 (Flyball, 78D)
Bottom of the 5th over - 0 run(s), 0 hit(s), 0 error(s), 0 left on base; Indiana 3 - Detroit 3
TOP OF THE 6TH
Indiana Hounds batting - Pitching for Detroit X-Wings : RHP Jorge Madrigal
Batting: LHB Pete Carter 0-0: Ball
1-0: Foul Ball, location: 2F
1-1: Ball
2-1: Ball
3-1: Fly out, F4 (Popup, 4)
Batting: RHB Doug Murray 0-0: Ball
1-0: SOLO HOME RUN (Flyball, 8LXD), Distance : 402 ft
Batting: LHB Tim Bruce 0-0: Ball
1-0: Called Strike
1-1: Swinging Strike
1-2: Ball
2-2: Ball
3-2: Foul Ball, location: 2F
3-2: Foul Ball, location: 2F
3-2: Base on Balls
Batting: RHB Javier Martínez 0-0: Called Strike
0-1: Called Strike
0-2: Ball
1-2: Strikes out swinging
Pitching: LHP Richard Dorris
Batting: RHB Danny Walker Pickoff Throw to First - Out!
Top of the 6th over - 1 run(s), 1 hit(s), 0 error(s), 0 left on base; Indiana 4 - Detroit 3
BOTTOM OF THE 6TH
Detroit X-Wings batting - Pitching for Indiana Hounds : RHP Alex Stanford
Batting: LHB Juan Colón 0-0: SOLO HOME RUN (Line Drive, 89XD), Distance : 421 ft
Batting: LHB Juan Jose Pineda 0-0: Ball
1-0: Ball
2-0: Ball
3-0: Base on Balls
Batting: SHB Javier Jiménez 0-0: Called Strike
0-1: Ball
1-1: Ball
2-1: Ball
3-1: SINGLE (Line Drive, 4M)
Juan Jose Pineda to second
Batting: RHB Gary Witt 0-0: Called Strike
0-1: Called Strike
0-2: Ball
1-2: Ball
2-2: Ball
3-2: Strikes out swinging
Batting: SHB Felipe Detorres 0-0: Fly out, F5 (Line Drive, 56S)
Batting: RHB Oliver Acevedo 0-0: Fielders Choice at 2nd, 4-6 (Groundball, 4D)
Bottom of the 6th over - 1 run(s), 2 hit(s), 0 error(s), 1 left on base; Indiana 4 - Detroit 4
TOP OF THE 7TH
Indiana Hounds batting - Pitching for Detroit X-Wings : LHP Richard Dorris
Batting: RHB Danny Walker 0-0: Ball
1-0: Called Strike
1-1: Ball
2-1: Called Strike
2-2: Ground out 5-3 (Groundball, 56)
Batting: RHB Jeff Jones 0-0: Called Strike
0-1: Ball
1-1: Swinging Strike
1-2: Foul Ball, location: 2F
1-2: Strikes out swinging
Pinch Hitting: RHB Francisco Tañón 0-0: Called Strike
0-1: Ball
1-1: Foul Ball, location: 2F
1-2: Ground out 6-3 (Groundball, 56)
Top of the 7th over - 0 run(s), 0 hit(s), 0 error(s), 0 left on base; Indiana 4 - Detroit 4
BOTTOM OF THE 7TH
Detroit X-Wings batting - Pitching for Indiana Hounds : RHP Alex Stanford
Now at 1B: Dave Helásquez
Pinch Hitting: LHB Chris Loudermilk 0-0: Ball
1-0: Foul Ball, location: 2F
1-1: Swinging Strike
1-2: DOUBLE (Line Drive, 78D)
Pinch Hitting: RHB Enrique Aguilar 0-0: Intentional Walk
Pitching: RHP Teddy Mathews
Batting: RHB Jaime Contreras
Pinch Hitting: LHB Paul Alston 0-0: Bunted foul
0-1: Bunted foul
0-2: Ball
1-2: Foul Ball, location: 2F
1-2: DOUBLE (Flyball, 78M)
Chris Loudermilk scores
Enrique Aguilar to third
Batting: LHB Juan Colón 0-0: Intentional Walk
Batting: LHB Juan Jose Pineda 0-0: Called Strike
0-1: Ball
1-1: Foul Ball, location: 2F
1-2: Ball
2-2: Grounds into double play, 4-2-3 (Groundball, 34)
Paul Alston to third
Juan Colón to second
Batting: SHB Javier Jiménez 0-0: Ball
Wild Pitch!
Paul Alston scores
Juan Colón to third
1-0: Ball
2-0: Ground out 4-3 (Groundball, 4)
Bottom of the 7th over - 2 run(s), 2 hit(s), 0 error(s), 1 left on base; Indiana 4 - Detroit 6
TOP OF THE 8TH
Indiana Hounds batting - Pitching for Detroit X-Wings : LHP Richard Dorris
Now at 1B: Domingo Ávila
Now at 3B: Robby Lewis
Now in CF: Chris Loudermilk
Batting: RHB Octávio Marín 0-0: Called Strike
0-1: Ball
1-1: SINGLE (Groundball, 34D)
Batting: LHB Dave Watson 0-0: Ball
1-0: SINGLE (Groundball, 4MD)
Octávio Marín to second
Pinch Hitting: RHB Enrico Bonizo 0-0: Foul Ball, location: 2F
0-1: Called Strike
0-2: Strikes out looking
Pitching: RHP Aaron Abrams
Pinch Hitting: LHB Pepe Vázquez 0-0: Ball
1-0: Called Strike
1-1: Ball
2-1: Swinging Strike
2-2: Strikes out swinging
Pitching: LHP Javier Duarte
Batting: LHB Tim Bruce 0-0: Called Strike
0-1: Ball
1-1: Ball
2-1: Ball
3-1: Foul Ball, location: 2F
3-2: Strikes out swinging
Top of the 8th over - 0 run(s), 2 hit(s), 0 error(s), 2 left on base; Indiana 4 - Detroit 6
BOTTOM OF THE 8TH
Detroit X-Wings batting - Pitching for Indiana Hounds : RHP Teddy Mathews
Now in CF: Pepe Vázquez
Now in RF: Enrico Bonizo
Batting: RHB Gary Witt 0-0: Ball
1-0: Called Strike
1-1: Ball
2-1: Fly out, F9 (Flyball, 9LM)
Batting: SHB Felipe Detorres 0-0: SINGLE (Flyball, 8RS)
Batting: RHB Oliver Acevedo 0-0: Ball
1-0: Ball
2-0: Fly out, F7 (Line Drive, 78S)
Batting: LHB Chris Loudermilk 0-0: Called Strike
0-1: Ball
1-1: DOUBLE (Line Drive, 9LM)
Felipe Detorres to third
Runner from 3rd tries for Home, SAFE, no throw
Pitching: RHP Ronald Moore
Pinch Runner at 2nd Merlin Morris:
Batting: RHB Domingo Ávila 0-0: Ball
1-0: Fly out, F9 (Flyball, 9S)
Bottom of the 8th over - 1 run(s), 2 hit(s), 0 error(s), 1 left on base; Indiana 4 - Detroit 7
TOP OF THE 9TH
Indiana Hounds batting - Pitching for Detroit X-Wings : LHP Javier Duarte
Pitching: RHP Charlie Alexander
Now in CF: Merlin Morris
Batting: RHB Javier Martínez 0-0: Called Strike
0-1: Ball
1-1: Called Strike
1-2: Ball
2-2: Strikes out swinging
Batting: RHB Danny Walker 0-0: Called Strike
0-1: Fly out, F6 (Popup, 6D)
Batting: RHB Jeff Jones 0-0: Ball
1-0: Called Strike
1-1: Foul Ball, location: 2F
1-2: Fly out, F9 (Flyball, 9LS)
Top of the 9th over - 0 run(s), 0 hit(s), 0 error(s), 0 left on base; Indiana 4 - Detroit 7
Tuesday, August 8th, 2017 - OOTP Baseball 17.12 Build 75